 Dungeon Crawl Stone Soup version 0.26.1-11-gd32895ea62 (webtiles) character file.

Game seed: 11553134177035148518

32 Zeld the Grasshopper (level 3, -1/36 HPs)
             Began as an Octopode Warper on May 16, 2021.
             Slain by an adder (4 damage)
             ... on level 2 of the Dungeon.
             The game lasted 00:01:56 (1364 turns).

Zeld the Grasshopper (Octopode Warper)              Turns: 1364, Time: 00:01:56

Health: -1/36      AC:  1    Str: 11    XL:     3   Next: 25%
Magic:  6/6        EV: 13    Int: 15    God:
Gold:   68         SH:  0    Dex: 11    Spells: 6/6 levels left

rFire    . . .     SeeInvis .   a - +0 mace
rCold    . . .     Faith    .   (no shield)
rNeg     . . .     Spirit   .   (helmet restricted)
rPois    .         Reflect  .   (no amulet)
rElec    .         Harm     .   (no ring)
rCorr    .         Rampage  .   (no ring)
Will     .....                  (no ring)
Stlth    ..........             (no ring)
HPRegen  0.12/turn              (no ring)
MPRegen  0.10/turn              (no ring)
                                (no ring)
                                (no ring)

@: berserking, lethally poisoned (-1 -> -4), very quick
A: almost no armour, stealthy swim, amphibious, 8 rings, constrict 8, camouflage
1, gelatinous body 1
a: no special abilities


You were on level 2 of the Dungeon.
You visited 1 branch of the dungeon, and saw 2 of its levels.

You collected 68 gold pieces.

Inventory:

Hand Weapons
 a - a +0 mace (weapon)
Missiles
 b - 5 boomerangs of dispersal
 h - 2 boomerangs (quivered)
Jewellery
 g - an uncursed ring of positive energy {unknown}
Scrolls
 c - 2 scrolls of blinking
 f - a scroll of magic mapping {unknown}
 i - 3 scrolls of amnesia {unknown}
 j - a scroll of identify {unknown}
 k - a scroll of noise {unknown}
 l - 2 scrolls of immolation {unknown}
Potions
 d - a potion of berserk rage
 e - 2 potions of attraction {unknown}


   Skills:
 - Level 2.0 Fighting
 * Level 2.9 Maces & Flails
 - Level 1.5 Throwing
 - Level 2.3 Dodging
 + Level 2.2 Spellcasting
 + Level 3.2 Translocations


You had 6 spell levels left.
You didn't know any spells.
Your spell library contained the following spells:

 Spells                   Type           Power        Failure   Level
 Blink                    Tloc           N/A          9%          2
 Gell's Gravitas          Tloc           5%           17%         3
 Lesser Beckoning         Tloc           5%           17%         3
 Teleport Other           Tloc           11%          17%         3
 Passage of Golubria      Tloc           N/A          50%         4


Dungeon Overview and Level Annotations

Branches:
Dungeon (2/15)

Altars:


Innate Abilities, Weirdness & Mutations

You cannot wear most types of armour.
You are very stealthy in the water. (Stealth+)
You are amphibious.
You can wear up to eight rings at the same time.
You can use your tentacles to constrict eight enemies at once.
Your skin changes colour to match your surroundings (Stealth+).
Your rubbery body absorbs attacks. (AC +1, EV +1)


Message History

You hear a bark!
The leopard gecko barely misses you.
You completely miss the leopard gecko.
The leopard gecko is lightly wounded.
You constrict the leopard gecko.
The leopard gecko bites you but does no damage.
The jackal barks!
You thump the leopard gecko!
You kill the leopard gecko!
The adder bites you.
* * * LOW HITPOINT WARNING * * *
You hit the adder. You grab the adder.
The adder is almost dead.
You constrict the adder.
* * * LOW HITPOINT WARNING * * *
You feel sick. The adder closely misses you.
You thump the adder!
You kill the adder!
The adder bites you.
You die...

#........#
#......
#........#
##.#####
#........#
#........#
######'### #.#
#.# #†# #@# #S#
##h#####.#
#.hh.h....
#..h......
..........h
...........h:
............)..
......#.#####..


You could see an adder and 4 jackals.

Vanquished Creatures
  An adder (D:2)
  An ooze (D:2)
  2 worms (D:2)
  2 leopard geckos
  3 bats
  2 goblins (D:1)
  2 hobgoblins (D:1)
  4 kobolds (D:1)
  2 frilled lizards (D:1)
  2 rats (D:1)
21 creatures vanquished.

Notes
Turn   | Place    | Note
-------+----------+-------------------------------------------
     0 | D:1      | Zeld the Octopode Warper began the quest for the Orb.
     0 | D:1      | Reached XP level 1. HP: 14/14 MP: 3/3
   580 | D:1      | Reached XP level 2. HP: 10/19 MP: 5/5
  1212 | D:2      | Reached XP level 3. HP: 16/24 MP: 6/6
  1364 | D:2      | Slain by an adder

Illustrated notes

Levels and vault maps discovered:
D:1:      psy_arrival_conway, layout_loops_ring, chequers_avenue
D:2:      layout_basic, general_overflow_altar, st_stairs_6, uniq_sigmund

Action                   || total
-------------------------++-------
Melee: Mace              ||    52
       Constrict         ||    14
       Tentacles         ||     8
  Use: Potion            ||     1
 Stab: Sleeping          ||     2
Armor: Skin              ||     5
Dodge: Dodged            ||    40
